Map: Kairos Junction LE

Players

Willsolo

  • Race: Terran Terran
  • League: Diamond
  • Spawn Location: 11:00

Rye - Winner!

  • Race: Zerg Zerg
  • League: Diamond
  • Spawn Location: 5:00

VOD

Have the link to the VOD?

Description

Time

  • Played on: July 6, 2019, 2:45 a.m.
  • Length: 28:10
Show
View Real Time Build Order
Export as new Build Order

Willsolo Terran 

Build Orders:  

Get SALT Encoding   

  12  0:01  SCV  
  13  0:13  SCV  
  14  0:21  Supply Depot  
  14  0:25  SCV  
  16  0:42  SCV  
  16  0:44  Barracks  
  16  0:48  Refinery  
  16  0:52  Refinery  
  16  0:55  SCV  
  17  1:10  SCV  
  18  1:22  SCV  
  19  1:32  Barracks Tech Lab, Ghost Academy  
  19  1:38  Orbital Command  
  19  2:01  Ghost  
  19  2:04  SCV  
  22  2:11  Supply Depot  
  22  2:16  SCV  
  23  2:23  Factory  
  23  2:32  SCV  
  23  2:35  Ghost  
  26  2:51  SCV, Supply Depot  
  27  3:03  SCV  
  28  3:10  Ghost  
  30  3:16  SCV  
  30  3:17  Supply Depot  
  30  3:18  Starport  
  31  3:28  SCV  
  32  3:40  SCV  
  33  3:42  Ghost  
  35  3:52  SCV  
  36  3:57  Medivac  
  36  4:02  Command Center  
  38  4:07  Factory Tech Lab  
  38  4:10  SCV  
  38  4:14  Supply Depot  
  39  4:22  SCV  
  40  4:27  Siege Tank  
  43  4:34  SCV  
  44  4:44  Starport Tech Lab  
  44  4:46  SCV  
  44  4:48  Refinery  
  44  4:49  Supply Depot, Refinery  
  45  4:58  SCV  
  44  5:18  Siege Tank  
  45  5:23  Fusion Core  
  45  5:37  Orbital Command, SCV  
  46  5:51  SCV  
  47  6:03  SCV  
  48  6:06  SCV  
  48  6:09  Battlecruiser  
  55  6:12  Hellion  
  55  6:16  Command Center  
  57  6:25  SCV x2  
  59  6:31  Starport  
  59  6:32  Supply Depot  
  59  6:37  SCV x2  
  59  6:38  Hellion  
  63  6:44  Factory  
  63  6:51  SCV x2  
  65  6:55  Supply Depot  
  65  7:06  SCV  
  65  7:07  SCV  
  67  7:13  Viking  
  69  7:18  SCV  
  69  7:19  SCV  
  71  7:30  Siege Tank  
  71  7:31  SCV x2  
  74  7:43  SCV  
  74  7:44  Orbital Command, Battlecruiser  
  79  7:49  Starport Tech Lab  
  79  7:50  Factory Reactor  
  79  8:00  SCV x2  
  81  8:10  Battlecruiser  
  81  8:12  Factory, SCV x2  
  89  8:22  SCV  
  89  8:24  SCV, Command Center  
  89  8:26  Engineering Bay  
  91  8:28  Hellion  
  91  8:29  Siege Tank, Armory, Hellion  
  91  8:31  Armory  
  86  8:47  Orbital Command  
  80  8:56  Hellion x2  
  78  9:06  SCV x2  
  80  9:18  SCV x2  
  80  9:22  Siege Tank  
  80  9:23  Hellion x2  
  89  9:30  SCV x2  
  91  9:35  Battlecruiser  
  97  9:48  Refinery  
  97  9:50  SCV x2, Refinery  
  97  9:51  SCV  
  100  9:58  Barracks  
  96  10:11  Siege Tank, Hellion x2  
  96  10:14  Terran Vehicle Weapons Level 1, Terran Vehicle And Ship Armor Level 1  
  99  10:22  SCV x2, Supply Depot  
  99  10:25  Supply Depot  
  99  10:27  SCV, Supply Depot  
  99  10:28  Supply Depot  
  102  10:32  Factory Tech Lab  
  102  10:40  Hellion x2  
  106  10:46  Orbital Command  
  106  10:48  SCV x2  
  106  10:49  SCV  
  109  10:50  Factory x2  
  109  11:00  SCV  
  99  11:14  SCV x2  
  99  11:15  SCV x2  
  99  11:16  Siege Tank x2  
  99  11:17  Hellion x2  
  111  11:26  SCV x2  
  111  11:27  SCV x2  
  115  11:39  SCV x3  
  119  11:40  SCV  
  119  11:44  Hellion x2  
  123  11:51  SCV x2  
  123  11:53  SCV x2  
  121  12:03  SCV  
  122  12:13  Cyclone  
  122  12:14  Cyclone  
  132  12:15  Hellion x2  
  132  12:17  Infernal Pre-Igniter  
  127  12:33  SCV x3  
  127  12:37  Hellion x2  
  133  12:45  SCV x2  
  133  12:46  Hellion  
  133  12:49  Siege Tank  
  139  13:00  Refinery  
  139  13:01  Starport Reactor  
  139  13:02  Terran Vehicle Weapons Level 2  
  132  13:17  SCV x2  
  134  13:26  Orbital Command  
  134  13:32  Refinery  
  134  13:35  Hellion x2  
  138  13:52  SCV x2  
  139  14:19  Siege Tank  
  139  14:23  Siege Tank  
  138  14:25  Siege Tank  
  139  14:32  Orbital Command  
  139  14:48  Supply Depot  
  139  14:50  Viking x3, Supply Depot x3, Hellion x2  
  139  14:51  Siege Tank  
  146  14:53  Siege Tank  
  146  14:57  Orbital Command  
  140  15:00  Siege Tank  
  140  15:01  Siege Tank  
  138  15:07  Refinery  
  138  15:08  Refinery  
  137  15:19  Supply Depot  
  137  15:20  Supply Depot  
  137  15:21  SCV x3, Supply Depot  
  143  15:29  Hellion x2, Cyclone  
  143  15:31  Viking  
  143  15:32  Cyclone  
  143  15:33  Siege Tank  
  155  15:46  SCV x3  
  155  15:48  Refinery  
  155  15:49  Refinery  
  158  15:51  Supply Depot  
  158  15:53  SCV, Supply Depot  
  128  16:29  Supply Depot  
  128  16:32  Supply Depot  
  128  16:33  Supply Depot  
  128  16:34  Supply Depot  
  128  16:35  Supply Depot  
  128  16:38  Missile Turret  
  128  16:41  Command Center  
  128  16:42  Siege Tank x2  
  128  16:43  Thor  
  128  16:44  Hellion x2  
  144  17:07  Hellion  
  144  17:08  Hellion  
  130  17:23  Siege Tank x2  
  115  17:47  Hellion x2, Cyclone  
  120  18:00  SCV x2  
  120  18:01  SCV  
  120  18:03  Command Center  
  116  18:12  SCV  
  116  18:13  SCV x2  
  118  18:25  Hellion x2  
  107  18:48  Siege Tank x4, Supply Depot  
  119  19:13  Hellion x2  
  123  19:20  Viking x3  
  120  19:26  SCV  
  120  19:27  SCV  
  101  19:50  Viking  
  103  20:02  Cyclone x2  
  83  20:34  Viking  
  69  21:01  Factory Tech Lab  
  69  21:03  Planetary Fortress, Factory Tech Lab  
  69  21:10  Hellion x2  
  73  21:20  Orbital Command  
  60  22:02  SCV  
  55  22:11  Siege Tank x3, Hellion x2  
  66  22:37  Orbital Command  
  60  23:09  Hellion  
  60  23:13  Hellion  
  60  23:14  Hellion  
  60  23:16  Hellion x3  
  68  23:30  Orbital Command  
  57  23:35  Hellion x2  
  57  23:45  Hellion  
  57  23:46  Hellion  
  57  23:47  Hellion  
  57  23:50  Refinery  
  57  23:51  Hellion x2, Refinery  
  55  23:57  Refinery x2  
  53  24:09  Hellion x3  
  51  24:18  Hellion x2  
  36  24:40  SCV  
  35  24:47  Starport Tech Lab  
  35  24:52  SCV  
  29  24:58  Hellion x3  
  29  24:59  Hellion  
  37  25:04  SCV  
  37  25:05  Barracks  
  37  25:06  Barracks, Refinery  
  38  25:08  Barracks, Refinery  
Show
View Real Time Build Order
Export as new Build Order

Rye Zerg - Winner!

Build Orders: Hatch First, Swarm Host 

Get SALT Encoding   

  12  0:01  Drone  
  13  0:15  Overlord  
  13  0:22  Drone  
  14  0:34  Drone x2  
  16  0:37  Drone  
  17  0:54  Hatchery  
  16  0:58  Drone  
  17  1:10  Spawning Pool  
  16  1:12  Extractor  
  16  1:14  Drone  
  16  1:18  Drone  
  17  1:23  Drone  
  18  1:34  Drone  
  19  1:44  Drone  
  20  1:53  Drone  
  21  2:07  Hatchery  
  20  2:10  Queen  
  20  2:11  Zergling x4  
  24  2:23  Drone x2  
  24  2:26  Metabolic Boost  
  24  2:28  Drone  
  27  2:32  Overlord  
  27  2:43  Roach Warren  
  26  2:50  Overlord  
  26  2:58  Drone x2  
  28  3:01  Extractor  
  28  3:02  Drone  
  28  3:08  Queen  
  30  3:23  Spore Crawler  
  30  3:24  Drone x3  
  32  3:30  Drone x2  
  32  3:31  Drone  
  32  3:33  Drone x2  
  37  3:36  Overlord  
  37  3:44  Queen  
  39  3:51  Zergling x6  
  39  3:55  Zergling x6  
  45  4:00  Extractor  
  44  4:03  Drone  
  44  4:06  Queen  
  45  4:22  Lair  
  45  4:27  Overlord, Extractor  
  44  4:48  Drone x2  
  44  4:49  Drone  
  44  4:50  Roach x5  
  57  4:56  Overlord x3  
  57  5:00  Drone  
  51  5:48  Drone  
  51  5:49  Drone x12  
  64  5:50  Glial Reconstitution  
  64  5:52  Overlord x2  
  62  6:07  Queen  
  62  6:09  Queen x2  
  68  6:17  Overlord, Spore Crawler  
  67  6:21  Overlord x3  
  67  6:23  Drone x3  
  70  6:34  Ravager x3  
  73  6:52  Drone  
  73  6:53  Drone x2  
  73  6:54  Drone x10  
  86  7:05  Hatchery, Spire  
  82  7:33  Spore Crawler x2  
  82  7:36  Spore Crawler  
  73  7:38  Spore Crawler  
  73  7:41  Roach x5  
  73  7:42  Roach x8  
  90  7:56  Roach  
  90  7:57  Roach x6  
  104  8:17  Spore Crawler x2  
  104  8:18  Spore Crawler  
  101  8:22  Zerg Flyer Weapons Level 1  
  85  8:44  Drone x2  
  85  8:45  Drone x4  
  67  9:17  Hatchery  
  67  9:21  Drone x2  
  67  9:22  Drone x16  
  84  9:30  Corruptor  
  84  9:31  Corruptor x5  
  96  9:45  Roach  
  98  9:46  Overlord x3  
  98  10:04  Overlord x2  
  98  10:05  Overlord x2  
  97  10:13  Roach x5  
  97  10:14  Roach x3  
  114  10:21  Roach x3  
  114  10:22  Roach  
  114  10:25  Overseer  
  120  10:32  Spine Crawler  
  120  10:33  Spine Crawler, Spore Crawler  
  117  10:38  Nydus Network  
  117  10:40  Infestation Pit  
  117  10:41  Roach x4  
  117  10:42  Roach  
  125  10:51  Evolution Chamber  
  125  10:53  Evolution Chamber  
  95  11:18  Zergling x2  
  95  11:19  Zergling x30  
  95  11:20  Zergling x4  
  99  11:37  Drone  
  99  11:38  Drone x9  
  101  12:11  Swarm Host x4  
  101  12:12  Swarm Host x7  
  101  12:13  Swarm Host x4  
  131  12:25  Queen  
  130  12:31  Extractor x2  
  130  12:32  Queen  
  130  12:33  Spore Crawler  
  130  12:34  Spine Crawler  
  128  12:37  Spine Crawler, Nydus Canal  
  128  12:38  Spine Crawler x2  
  123  12:45  Roach x14  
  151  13:22  Roach  
  151  13:23  Roach x3  
  151  13:24  Zergling x2  
  151  13:26  Overlord x6  
  160  13:28  Pathogen Glands  
  160  13:31  Hive  
  160  13:47  Hatchery  
  160  13:48  Nydus Canal  
  159  13:50  Hatchery  
  156  14:02  Corruptor x8  
  163  14:43  Corruptor  
  163  14:44  Corruptor x7  
  163  14:45  Corruptor x2  
  176  15:16  Nydus Canal  
  176  15:17  Zergling x6  
  176  15:18  Zergling x42  
  200  15:39  Nydus Canal  
  193  16:23  Roach x3  
  198  16:27  Zergling x4  
  199  16:37  Nydus Canal  
  199  16:50  Greater Spire  
  199  17:09  Overlord x5  
  199  17:10  Overlord  
  181  17:26  Roach x10  
  181  17:27  Roach x2  
  189  17:36  Zergling x2  
  182  17:37  Zergling x28  
  193  17:44  Roach x4  
  197  17:53  Zerg Melee Weapons Level 1  
  197  17:55  Zerg Missile Weapons Level 1  
  189  18:10  Roach  
  189  18:11  Roach x4  
  199  18:17  Hydralisk Den  
  198  18:20  Ultralisk Cavern  
  159  18:47  Brood Lord x2  
  159  18:48  Brood Lord x4  
  145  19:39  Corruptor  
  139  20:20  Zergling x2  
  139  20:21  Zergling x42  
  148  20:22  Zergling x8  
  161  20:42  Extractor  
  149  20:43  Extractor  
  146  20:55  Extractor  
  137  20:57  Extractor  
  128  21:10  Roach  
  128  21:30  Hatchery  
  94  22:31  Roach  
  94  22:32  Roach x8  
  94  22:33  Roach x5  
  122  22:49  Roach x6  
  100  23:07  Roach x2  
  100  23:08  Roach x2  
  77  23:42  Zergling x6  
  64  24:20  Roach x3  
  63  25:06  Drone x3  
  61  25:45  Hatchery  
  61  26:15  Drone x8  
  61  27:06  Hatchery  
  61  27:07  Drone x4  
Tags
 
Add a new tag
Caveats
  • Supply blocks, unpowered buildings, or Contaminate may cause inaccurate times.
  • Supply counts are checked every 10 seconds.